 Dungeon Crawl Stone Soup version 0.30-a0-451-ge042605de7 (webtiles) character file.

Game seed: 296953177400059347

5317 porpoise the Cleaver (level 10, -1/91 HPs)
             Began as a Hill Orc Monk on Dec 12, 2022.
             Was a Priest of Qazlal.
             Slain by a troll (9 damage)
             ... on level 9 of the Dungeon.
             The game lasted 00:29:53 (9627 turns).

porpoise the Cleaver (Hill Orc Monk)                Turns: 9627, Time: 00:29:54

Health: -1/91      AC: 13    Str: 19    XL:     10   Next: 64%
Magic:  15/15      EV: 10    Int: 10    God:    Qazlal [***...]
Gold:   465        SH:  0    Dex: 13    Spells: 9/9 levels left

rFire   . . .      SeeInvis +    a - +1 war axe
rCold   + + .      Faith    +    (no shield)
rNeg    . . .      Spirit   .    K - +3 scale mail
rPois   .          Reflect  .    (no helmet)
rElec   .          Harm     .    (no cloak)
rCorr   .          Rampage  .    J - +2 pair of gloves of Immorality {rC++}
Will    .....                    (no boots)
Stlth   ..........               I - amulet of faith
HPRegen 0.35/turn                G - ring of see invisible
MPRegen 0.14/turn                (no ring)

@: confused, ambrosia-drunk, invisible
A: no striking features
a: Renounce Religion, Upheaval, Elemental Force


You were on level 9 of the Dungeon.
You worshipped Qazlal.
Qazlal was most pleased with you.
You visited 2 branches of the dungeon, and saw 10 of its levels.

You collected 465 gold pieces.

Inventory:

Hand Weapons
 a - a +1 war axe (weapon)
 b - a +1 spectral quarterstaff
 m - a +5 dire flail
 u - a +0 sling
Missiles
 n - 8 poisoned darts (quivered)
 B - a boomerang
Armour
 J - the +2 pair of gloves of Immorality (worn) {rC++}
   (You found it on level 7 of the Dungeon)

   rC:        It greatly protects you from cold.
 K - a +3 scale mail (worn)
Jewellery
 h - an amulet of reflection
 G - a ring of see invisible (left hand)
 I - an amulet of faith (around neck)
 L - a +6 ring of dexterity
Wands
 w - a wand of paralysis (32)
 C - a wand of iceblast (4)
 F - a wand of polymorph (4)
Scrolls
 d - a scroll of enchant armour {unknown}
 e - a scroll of brand weapon {unknown}
 i - a scroll of immolation
 p - 2 scrolls of teleportation
 r - a scroll of blinking {unknown}
 v - 2 scrolls of noise
 x - 2 scrolls of enchant weapon
 y - 2 scrolls of poison
 A - 2 scrolls of vulnerability
 D - a scroll of fear {unknown}
Potions
 c - a potion of ambrosia
 f - 2 potions of might
 g - a potion of invisibility
 j - 2 potions of lignification
 l - 2 potions of haste
 o - 2 potions of mutation
 q - 2 potions of curing
 s - 2 potions of brilliance
 t - 2 potions of flight {unknown}
 z - 2 potions of cancellation {unknown}
 E - 3 potions of attraction
 H - a potion of berserk rage {unknown}


   Skills:
 - Level 9.0 Fighting
 + Level 14.9 Axes
 + Level 6.2 Armour
 - Level 2.8 Dodging
 - Level 1.5 Stealth
 + Level 7.1 Invocations


You had 9 spell levels left.
You didn't know any spells.
Your spell library contained the following spells:

 Spells                   Type           Power      Damage    Failure   Level
 Apportation              Tloc           0%         N/A       71%         1
 Slow                     Hex            0%         N/A       71%         1
 Cigotuvi's Dreadful Rot  Necr/Pois/Air  0%         N/A       83%         2
 Ensorcelled Hibernation  Hex/Ice        0%         N/A       83%         2
 Confusing Touch          Hex            0%         N/A       97%         3
 Frozen Ramparts          Ice            0%         1d1       97%         3
 Spider Form              Tmut/Pois      0%         N/A       97%         3
 Tukima's Dance           Hex            0%         N/A       97%         3
 Vampiric Draining        Necr           0%         2d6       97%         3
 Anguish                  Hex/Necr       0%         N/A       100%        4
 Dispel Undead            Necr           0%         3d6       100%        4
 Ice Form                 Ice/Tmut       0%         N/A       100%        4
 Passage of Golubria      Tloc           0%         N/A       100%        4
 Summon Ice Beast         Ice/Summ       0%         N/A       100%        4
 Alistair's Intoxication  Tmut/Pois      0%         N/A       100%        5
 Yara's Violent Unravell  Hex/Tmut       0%         3d3       100%        5
 Death Channel            Necr           0%         N/A       100%        6


Dungeon Overview and Level Annotations

Branches:
Dungeon (9/15)             Temple (1/1) D:7
   Lair: D:8-11         Orc: D:9-12

Altars:
Ashenzari
Cheibriados
Dithmenos
Elyvilon
Fedhas
Gozag
Hepliaklqana
Kikubaaqudgha
Makhleb
Nemelex Xobeh
Okawaru
Qazlal
Ru
Sif Muna
Trog
Uskayaw
Vehumet
Wu Jian
Xom
Yredelemnul
Zin
The Shining One

Shops:
D:3 *

Annotations:
D:9 Harold, Psyche


Message History

You hit the bullfrog.
The bullfrog is moderately wounded.
The bullfrog hits you.
Harold hits you from afar with a +0 glaive!
You slash the bullfrog!
You kill the bullfrog!
Qazlal accepts your kill. Harold hits you but does no damage.
Harold barely misses you.
You barely miss Harold. You hit Harold but do no damage.
Harold barely misses you.
You hit Harold.
Harold is lightly wounded.
Harold is struck by lightning.
Harold hits you with a +0 glaive!!
You barely miss Harold.
Harold is lightly wounded.
Harold says, "I was hoping my final job would be more of a challenge, but money is money."
Harold hits you with a +0 glaive!
You hit Harold but do no damage.
Harold is lightly wounded.
You slash Harold!
Harold is moderately wounded.
Harold hits you with a +0 glaive!
* * * LOW HITPOINT WARNING * * *
You closely miss Harold.
Harold is moderately wounded.
Harold is struck by lightning.
Harold hits you with a +0 glaive!
* * * LOW HITPOINT WARNING * * *
You fade into invisibility!
The troll bites you.
* * * LOW HITPOINT WARNING * * *
The troll barely misses you. The troll closely misses you.
Harold hits you with a +0 glaive!
* * * LOW HITPOINT WARNING * * *
You are confused.
You feel invigorated.
You hear a shout!
The troll is engulfed in freezing vapours.
The troll bites you!
You die...

#.#.#........#.#.#
#.......#......#.####
#.#@#...#.######.....
##)#.#####.# #########
###........#.# #........
#######...##.###.#.###.#######
..........)......#.....# #
#######.###.##################
#.##.)@@...............#
#.##..T.°....########.##
#.##.........# #.#
#.##.........# #.#
#.##..#.###.#########.##
..##..#.# #.............
.###..#.#############.##
#..#.................
#..################..


You could see Harold (unable to see you) and a troll (unable to see you).

Vanquished Creatures
  Pikel (D:9)
  Sigmund (D:3)
  A shadow (D:8)
  9 yaks
  A wyvern (D:8)
  2 steam dragons
  2 water moccasins
  A black bear (D:4)
  A sky beast (D:7)
  2 orc warriors (D:8)
  2 ice beasts (D:6)
  4 ogres
  A lemure (D:9)
  2 phantoms (D:5)
  2 kobold brigands
  4 bullfrogs
  A gnoll sergeant (D:5)
  2 scorpions
  3 wights (D:9)
  2 howler monkeys (D:7)
  4 jellies
  3 orc priests
  2 hounds
  2 iguanas (D:5)
  7 orc wizards
  12 adders
  7 gnolls
  An ufetubus (D:4)
  2 worms
  2 dart slugs
  19 orcs
  11 ball pythons
  5 endoplasms
  3 giant cockroaches
  9 goblins
  5 hobgoblins
  3 jackals (D:2)
  9 kobolds
  6 quokkas
  5 bats
  2 frilled lizards
  4 rats
167 creatures vanquished.

Vanquished Creatures (others)
  23 plants (D:3)
23 creatures vanquished.

Grand Total: 190 creatures vanquished

Notes
Turn   | Place    | Note
-------+----------+-------------------------------------------
     0 | D:1      | porpoise the Hill Orc Monk began the quest for the Orb.
     0 | D:1      | Reached XP level 1. HP: 19/19 MP: 1/1
   242 | D:1      | Reached XP level 2. HP: 20/27 MP: 2/2
   599 | D:1      | Reached skill level 5 in Axes
   620 | D:1      | Reached XP level 3. HP: 33/33 MP: 3/3
  1411 | D:2      | Reached XP level 4. HP: 25/41 MP: 4/4
  2235 | D:3      | Reached skill level 6 in Axes
  2525 | D:3      | Found Tyutwuoq's General Store.
  2657 | D:3      | Noticed Sigmund
  2665 | D:3      | Killed Sigmund
  2666 | D:3      | Reached skill level 5 in Fighting
  2666 | D:3      | Reached skill level 7 in Axes
  2666 | D:3      | Reached XP level 5. HP: 36/48 MP: 5/5
  2666 | D:3      | Reached XP level 6. HP: 42/56 MP: 6/6
  3180 | D:4      | Noticed a black bear
  3198 | D:4      | Killed a black bear
  3199 | D:4      | Reached skill level 8 in Axes
  3386 | D:4      | Reached XP level 7. HP: 57/63 MP: 7/7
  3633 | D:4      | Reached skill level 9 in Axes
  3813 | D:4      | Found a sparkling altar of Nemelex Xobeh.
  4159 | D:5      | Entered Level 5 of the Dungeon
  4512 | D:5      | Reached skill level 10 in Axes
  4672 | D:5      | Reached XP level 8. HP: 35/73 MP: 8/8
  5450 | D:6      | Reached skill level 11 in Axes
  5840 | D:6      | You fall into a shaft and drop 1 floor!
  6257 | D:6      | Reached skill level 12 in Axes
  6564 | D:6      | Reached XP level 9. HP: 64/82 MP: 9/9
  6829 | D:7      | Reached skill level 13 in Axes
  7077 | D:7      | Found a staircase to the Ecumenical Temple.
  7084 | Temple   | Entered the Ecumenical Temple
  7283 | Temple   | Became a worshipper of Qazlal Stormbringer
  7283 | Temple   | Reached * piety under Qazlal
  7283 | Temple   | Reached ** piety under Qazlal
  7388 | D:7      | Reached skill level 1 in Armour
  7830 | D:7      | Reached skill level 1 in Invocations
  7830 | D:7      | Identified the +2 pair of gloves of Immorality {rC++}
  8388 | D:8      | Reached skill level 14 in Axes
  8388 | D:8      | Reached XP level 10. HP: 87/91 MP: 13/13
  8426 | D:8      | Found a shimmering altar of Xom.
  8483 | D:8      | Reached skill level 5 in Invocations
  8838 | D:8      | Reached skill level 5 in Armour
  9213 | D:9      | Reached *** piety under Qazlal
  9349 | D:9      | Noticed Harold
  9349 | D:9      | Noticed Pikel
  9362 | D:9      | Killed Pikel
  9363 | D:9      | HP: 1/91 [Harold/+0 glaive (13)]
  9365 | D:9      | Noticed Psyche
  9626 | D:9      | HP: 4/91 [Harold/+0 glaive (14)]
  9627 | D:9      | Slain by a troll

Illustrated notes

Levels and vault maps discovered:
D:1:      amcnicky_arrival_feature_with_door, layout_loops_ring, st_stairs_10
D:2:      layout_loops_ring, serial_co_window_serial, co_window_corner_a,
          co_window_paths_a, co_window_of_opportunity_a, co_window_corner_a,
          co_window_paths_a, co_window_unsneaky_path_c,
          co_window_of_opportunity_b, co_window_broadway_a,
          co_window_unsneaky_path_b, co_window_cross_4, co_window_2corner,
          co_window_corner_ca, co_window_4corner_a
D:3:      layout_basic, serial_shops, shop, chequers_decorated_corner,
          serial_bayou_lagoon_a, uniq_sigmund
D:4:      layout_basic, nemelex_spade_bored_becter
D:5:      layout_loops_ring, grunt_ministairs_3, chequers_avenue
D:6:      layout_basic
D:7:      layout_layer_cave, minmay_temple_entry_ruins
D:8:      layout_rooms, brannock_xom_greatest_gift
D:9:      layout_basic, uniq_pikel, uniq_psyche, uniq_harold
Temple:   nicolae_temple_slightly_damp_pantheon

Skill      XL: |  1  2  3  4  5  6  7  8  9 10 |
---------------+-------------------------------+-----
Fighting       | 4 5 6 7 8 9 |  9.0
Axes           | 5 7 8 10 12 14 | 14.9
Armour         | 4 6 |  6.2
Invocations    | 4 7 |  7.1
Dodging        | |  2.8
Stealth        | |  1.5

Action                   |  1- 3 |  4- 6 |  7- 9 | 10-12 || total
-------------------------+-------+-------+-------+-------++-------
Melee: Hand axe          |   135 |   104 |       |       ||   239
       Quarterstaff      |       |    30 |   110 |    26 ||   166
       Punch             |       |     1 |     1 |     3 ||     5
       War axe           |       |       |    69 |    60 ||   129
Throw: Dart              |       |     2 |     4 |       ||     6
  Use: Scroll            |       |     7 |     7 |     3 ||    17
       Potion            |       |     3 |       |     3 ||     6
Armor: Robe              |     5 |       |       |       ||     5
       Ring mail         |    33 |     5 |       |       ||    38
       Scale mail        |       |    48 |    41 |    29 ||   118
Dodge: Dodged            |    81 |    52 |    62 |    36 ||   231
Block: Other             |       |    22 |    36 |    10 ||    68
       Reflection        |       |     1 |       |       ||     1

Table legend: (Time is in decaauts)
 A = Elapsed time spent in this place.
 B = Non-inter-level travel time spent in this place.
 C = Inter-level travel time spent in this place.
 D = Time resting spent in this place.
 E = Time spent auto-exploring this place.
 F = Levels seen in this place.
 G = Mean time per level.
                   A        B        C        D        E       F      G
               +--------+--------+--------+--------+--------+-----+--------+
         Total |   9657 |   9286 |    371 |   2331 |   5392 |  10 |  965.7 |
       Dungeon |   9436 |   9119 |    317 |   2331 |   5247 |   9 | 1048.4 |
        Temple |    220 |    166 |     54 |      0 |    145 |   1 |  220.0 |
               +--------+--------+--------+--------+--------+-----+--------+

Top non-repeatable levels by time:
     D:2: 1385 daAuts
     D:4: 1280 daAuts
     D:6: 1235 daAuts
     D:8: 1168 daAuts
     D:7: 1091 daAuts
     D:5: 1014 daAuts
     D:3: 962 daAuts
     D:1: 830 daAuts
     D:9: 468 daAuts
  Temple: 220 daAuts
